 Dungeon Crawl Stone Soup version 0.18-a0-1805-g8ab820f (webtiles) character file.

30880 Ijustatesigmund the Grappler (level 13, -1/128 HPs)
             Began as a Troll Hunter on Apr 23, 2016.
             Was a High Priest of Okawaru.
             Shot with an arrow by a centaur (5 damage)
             ... led by a centaur warrior
             ... on level 13 of the Dungeon on Apr 25, 2016.
             The game lasted 00:50:50 (12315 turns).

Ijustatesigmund the Grappler (Troll Hunter)        Turns: 12315, Time: 00:50:51

Health: -1/128     AC: 16    Str: 27    XL:     13   Next: 23%
Magic:  10/12      EV: 16    Int:  7    God:    Okawaru [*****.]
Gold:   1083       SH:  3    Dex: 14    Spells: 0 memorised, 12 levels left

rFire  . . .     SeeInvis .       - Unarmed
rCold  + . .     Gourm    +     A - +1 mottled dragon armour
rNeg   . . .     Faith    .     (no shield)
rPois  .         Spirit   .     (helmet restricted)
rElec  .         Dismiss  .     t - +1 cloak
rCorr  .         Reflect  +     (gloves unavailable)
SustAt .         Harm     .     (boots unavailable)
MR     +....                    K - amulet of Miracles {Reflect Str+4 SH+3}
Stlth  ++........               x - ring of protection from magic
                                V - ring of protection from cold

@: heroism, very slightly contaminated, hasted, studying Armour, very quick,
somewhat resistant to hostile enchantments, unstealthy
A: unfitting armour, claws 3, fast metabolism 3, gourmand, mutation resistance
1, regeneration 2, shaggy fur 1, tough skin 2
a: Heroism, Finesse, Renounce Religion


You were on level 13 of the Dungeon.
You worshipped Okawaru.
Okawaru was extremely pleased with you.
You were full.

You visited 2 branches of the dungeon, and saw 15 of its levels.
You also visited: Bailey.

You collected 1511 gold pieces.
You spent 428 gold pieces at shops.

Inventory:

Hand Weapons
 q - the +0 dagger of Causality {pierce, rPois rF+++ rC- Stlth+}
   (You found it on level 6 of the Dungeon)

   It inflicts extra damage upon your enemies.
   It renders you almost immune to fire.
   It makes you vulnerable to cold.
   It protects you from poison.
   It makes you more stealthy.
Missiles
 d - 2 throwing nets
 p - 19 large rocks
 L - 3 tomahawks of dispersal
 N - 7 exploding tomahawks
 O - 7 steel javelins (quivered)
 R - 7 poisoned javelins
Armour
 t - a +1 cloak (worn)
 y - a +2 robe of magic resistance
 A - a +1 mottled dragon armour (worn)
 S - a +0 cloak of invisibility
 W - a +2 robe of fire resistance
 Z - a +0 shield
Jewellery
 b - an uncursed ring of resist corrosion
 l - a +2 ring of intelligence
 u - an uncursed ring of fire
 x - a ring of protection from magic (right claw)
 z - an uncursed ring of stealth
 K - the amulet of Miracles (around neck) {Reflect Str+4 SH+3}
   (You bought it in a shop on level 10 of the Dungeon)

   [amulet of reflection]

   It shields you and reflects attacks.
   It affects your strength (+4).
   It affects your SH (+3).
 V - a ring of protection from cold (left claw)
Wands
 G - a wand of lightning (10/15)
 P - a wand of lightning (7/15)
Scrolls
 e - a scroll of teleportation
 n - 5 scrolls of remove curse
 w - a scroll of vulnerability
 D - 3 scrolls of magic mapping
 F - a scroll of fog
 H - 3 scrolls of amnesia
 J - a scroll of recharging
Potions
 h - 3 potions of brilliance
 i - a potion of flight
 j - 6 potions of curing
 k - a potion of resistance
 m - a potion of ambrosia
 o - a potion of might
 v - 3 potions of cure mutation
 C - 2 potions of magic
 M - a potion of lignification
 U - 2 potions of agility
Books
 B - a book of Maledictions

   Spells                             Type                      Level
   a - Corona                         Hexes                        1
   b - Ensorcelled Hibernation        Hexes/Ice                    2
   c - Confuse                        Hexes                        3
   d - Tukima's Dance                 Hexes                        3
   e - Dazzling Spray                 Conjuration/Hexes            3
 I - a book of Transfigurations

   Spells                             Type                      Level
   a - Irradiate                      Conjuration/Transmutation    5
   b - Statue Form                    Transmutation/Earth          6
   c - Hydra Form                     Transmutation                6
   d - Dragon Form                    Transmutation                7
 T - a manual of Armour
Comestibles
 a - 7 fruits
 f - 14 bread rations
 g - a beef jerky
 r - 6 slices of pizza
 s - 5 meat rations
 E - 2 royal jellies


   Skills:
 + Level 8.3(13.3) Fighting
 - Level 10.5(15.5) Throwing
 + Level 8.3(13.3) Armour
 - Level 6.6(11.6) Dodging
 - Level 0.4(5.4) Stealth
 + Level 13.2(18.2) Unarmed Combat


You had 12 spell levels left.
You didn't know any spells.

Dungeon Overview and Level Annotations

Branches:
Dungeon (14/15)            Temple (1/1) D:6            Lair (0/8) D:10
    Orc (0/2) D:11         Vaults (0/5) D:13

Altars:
Ashenzari
Cheibriados
Dithmenos
Elyvilon
Fedhas
Gozag
Kikubaaqudgha
Makhleb
Nemelex Xobeh
Okawaru
Pakellas
Qazlal
Ru
Sif Muna
Trog
Vehumet
Xom
Yredelemnul
Zin
The Shining One

Shops:
D:4 }=(   D:5 [   D:9 *   D:10 *   D:14 (

Annotations:
D:14 Urug


Innate Abilities, Weirdness & Mutations

You are too large for most types of armour.
You have claws for hands.
Your metabolism is lightning-fast.
You like to eat raw meat.
You heal very quickly.
You are covered in fur (AC +1).
You have very tough skin (AC +2).
You are somewhat resistant to further mutation.


Message History

The centaur shoots an arrow.
The arrow hits you.
* * * LOW HITPOINT WARNING * * *
The centaur warrior hits you!
* * * LOW HITPOINT WARNING * * *
The centaur misses you. The centaur barely misses you.
You mangle the centaur warrior!!
You kill the centaur warrior!
Okawaru is honoured by your kill. The centaur barely misses you.
The centaur shoots an arrow.
The arrow closely misses you.
Evoke which item? (* to show all) (? for menu, Esc to quit)
Aiming: Phantom Mirror
Press: ? - help, Dir - move target cursor, f - centaur
Aim: a centaur You reflect the centaur with the mirror, and the mirror shatters!
Your centaur hits the centaur. The centaur misses you.
You block the centaur's attack.
The centaur hits you but does no damage.
The centaur shoots an arrow.
The arrow hits you.
You die...

#... ####... #####...... #######
#########.......... ......#
#####..(......###.##...
......#####...........### #.##...
.)..........###........# #.#####
...........## #cc).....####.#####
...........# ##c@.c....(##.......
...........###(.c###.............
........>....(..(##...........###
<........†((.#............._..#..
##........(......##.......[......
###.........(........#.#........
#.......##..#...#..#..........
#####.####....).#..#..........
#..###......#.<#..........


You could see 4 centaurs and a friendly centaur.

Vanquished Creatures
  Snorg (D:14)
  3 vault guards (D:13)
  The ghost of feelmyfire the Bludgeoner, a journeyman MiFi of Okawaru (D:11)
  2 hydras (D:12)
  A centaur warrior (D:13)
  A wizard (D:13)
  An unseen horror (D:10)
  An orc knight (Bailey)
  Pikel (D:4)
  4 hill giants
  2 necromancers (D:13)
  An orb spider (shapeshifter) (D:14)
  An ugly thing (D:11)
  2 manticores
  Maurice (D:10)
  A deep elf mage (D:6)
  2 cyclopes (D:13)
  A centaur zombie (D:12)
  A kobold demonologist (D:14)
  A komodo dragon (D:14)
  2 trolls
  Prince Ribbit (D:5)
  3 two-headed ogres
  A spriggan (D:7)
  2 wraiths
  A shadow (D:13)
  A spriggan (shapeshifter) (D:13)
  17 humans (D:13)
  13 yaks
  2 hippogriffs
  2 basilisks
  A vampire mosquito (D:13)
  2 mottled dragons
  A warg (D:11)
  A soldier ant (D:13)
  Duvessa (D:6)
  4 porcupines (D:10)
  15 orc warriors
  2 wasps
  2 ice beasts
  A necrophage (D:8)
  A sky beast (D:8)
  A slave (D:3)
  2 phantoms
  3 ogres
  18 centaurs
  2 crocodiles (D:10)
  Blork the orc (D:6)
  3 big kobolds
  7 giant frogs
  2 wyvern zombies
  A wyvern skeleton (D:10)
  4 scorpions
  Dowan (D:6)
  8 killer bees
  5 wights (D:8)
  A vampire bat (D:12)
  2 howler monkeys
  3 electric eels (D:8)
  5 crimson imps
  A jelly (D:7)
  7 centaur skeletons
  8 orc priests
  6 hounds
  2 giant frog skeletons
  3 iguanas
  Ijyb (D:2)
  14 orc wizards
  7 worker ants
  7 sheep (D:13)
  A hound zombie (D:5)
  A hound skeleton (D:9)
  Robin (D:3)
  A howler monkey zombie (D:5)
  A worker ant zombie (D:10)
  7 adders
  4 river rats (D:10)
  An adder skeleton (D:7)
  2 adder zombies
  3 worms (D:2)
  A dart slug (D:1)
  3 giant geckos
  48 orcs
  3 giant cockroaches
  14 goblins
  7 hobgoblins
  7 jackals
  10 quokkas
  A ball python (D:4)
  A ball python zombie (D:5)
  15 bats
  2 giant gecko skeletons
  2 giant newts
  23 kobolds
  A quokka skeleton (D:5)
  A quokka zombie (D:6)
  6 rats
397 creatures vanquished.

Vanquished Creatures (others)
  A centaur (D:13)
  A quokka (D:7)
  2 kobolds
  A bush (D:10)
  A fungus (D:10)
  2 plants (D:10)
8 creatures vanquished.

Grand Total: 405 creatures vanquished

Notes
Turn   | Place    | Note
--------------------------------------------------------------
     0 | D:1      | Ijustatesigmund the Troll Hunter began the quest for the Orb.
     0 | D:1      | Reached XP level 1. HP: 19/19 MP: 0/0
   183 | D:1      | Reached skill level 1 in Unarmed Combat
   269 | D:1      | Reached XP level 2. HP: 28/28 MP: 1/1
   682 | D:2      | Noticed Ijyb
   699 | D:2      | Killed Ijyb
   699 | D:2      | Reached skill level 2 in Unarmed Combat
   699 | D:2      | Reached XP level 3. HP: 18/35 MP: 2/2
   803 | D:2      | Found a shimmering altar of Xom.
   864 | D:2      | Reached skill level 3 in Unarmed Combat
   864 | D:2      | Reached XP level 4. HP: 38/42 MP: 3/3
   932 | D:2      | Found a burning altar of Makhleb.
   933 | D:2      | Found a radiant altar of Vehumet.
  1169 | D:2      | Noticed Robin
  1189 | D:3      | Killed Robin
  1247 | D:3      | Reached skill level 4 in Unarmed Combat
  1247 | D:3      | Reached XP level 5. HP: 40/50 MP: 4/4
  1261 | D:3      | HP: 2/50 [orc priest/divine providence (12)]
  1495 | D:3      | Found a faded altar to an unknown god.
  1698 | D:3      | Found a shadowy altar of Dithmenos.
  1713 | D:3      | Found a deep blue altar of Sif Muna.
  1960 | D:4      | Reached XP level 6. HP: 48/61 MP: 5/5
  1965 | D:4      | Reached skill level 5 in Unarmed Combat
  1969 | D:4      | Noticed Pikel
  1970 | D:4      | Noticed a slave
  1970 | D:4      | Noticed a slave
  1970 | D:4      | Noticed a slave
  1970 | D:4      | Noticed a slave
  1991 | D:3      | Killed a slave
  2040 | D:4      | Killed Pikel
  2040 | D:4      | Reached skill level 6 in Unarmed Combat
  2040 | D:4      | Reached XP level 7. HP: 6/70 MP: 6/6
  2177 | D:4      | Found Onadena's Antique Weapon Emporium.
  2188 | D:4      | Found Inepaloc's Jewellery Boutique.
  2191 | D:4      | Found Cedwaol's Gadget Shoppe.
  2213 | D:4      | Found a shattered altar of Ashenzari.
  2257 | D:4      | Reached skill level 7 in Unarmed Combat
  2423 | D:4      | Got a bloodstained dire flail
  2556 | D:5      | Entered Level 5 of the Dungeon
  2720 | D:5      | Reached XP level 8. HP: 50/79 MP: 7/7
  2862 | D:5      | Found Mova's Antique Armour Shoppe.
  2865 | D:5      | Bought a warped robe for 148 gold pieces
  2875 | D:5      | Identified the +2 robe of Huruty {Regen+ rCorr Slay-3} (You bought it in a shop on level 5 of the Dungeon)
  2936 | D:5      | Reached skill level 8 in Unarmed Combat
  2963 | D:5      | Reached skill level 5 in Fighting
  3187 | D:5      | Noticed Prince Ribbit
  3193 | D:5      | Killed Prince Ribbit
  3245 | D:5      | Reached skill level 9 in Unarmed Combat
  3834 | D:6      | Upgraded the game from 0.18-a0-1799-g6250cb2 to 0.18-a0-1805-g8ab820f
  3917 | D:6      | Noticed a deep elf mage
  3928 | D:6      | Killed a deep elf mage
  3928 | D:6      | Reached XP level 9. HP: 19/89 MP: 8/8
  4091 | D:6      | Got a crude dagger
  4184 | D:6      | Reached skill level 10 in Unarmed Combat
  4263 | D:6      | Found a staircase to the Ecumenical Temple.
  4272 | Temple   | Entered the Ecumenical Temple
  4607 | D:6      | Noticed Dowan
  4609 | D:6      | Noticed Duvessa
  4610 | D:6      | Killed Dowan
  4620 | D:6      | Killed Duvessa
  4635 | D:6      | Found a glowing golden altar of the Shining One.
  4707 | D:6      | Noticed Blork the orc
  4718 | D:6      | Killed Blork the orc
  5137 | D:7      | Found a white marble altar of Elyvilon.
  5251 | D:7      | Reached skill level 11 in Unarmed Combat
  5564 | D:7      | Found an iron altar of Okawaru.
  5572 | D:7      | Became a worshipper of Warmaster Okawaru
  5796 | D:7      | Found a sparkling altar of Nemelex Xobeh.
  5851 | D:7      | Gained mutation: You tend to lose your temper in combat. [potion of mutation]
  5851 | D:7      | Gained mutation: Your system is resistant to poisons. [potion of mutation]
  5851 | D:7      | Gained mutation: You are somewhat resistant to further mutation. [potion of mutation]
  5852 | D:7      | Lost mutation: You tend to lose your temper in combat. [potion of cure mutation]
  5852 | D:7      | Lost mutation: Your system is resistant to poisons. [potion of cure mutation]
  6045 | D:7      | Reached XP level 10. HP: 102/102 MP: 9/9
  6192 | D:8      | Noticed a hill giant
  6203 | D:8      | Killed a hill giant
  6203 | D:8      | Reached * piety under Okawaru
  6400 | D:8      | Found an ancient bone altar of Kikubaaqudgha.
  6463 | D:8      | Found a burning altar of Makhleb.
  6930 | D:8      | Reached ** piety under Okawaru
  7264 | D:9      | Reached skill level 5 in Throwing
  7496 | D:9      | Found Zin's Purification Station.
  7499 | D:9      | Found a glowing silver altar of Zin.
  7554 | D:9      | Found an opulent altar of Gozag.
  7695 | D:9      | Identified the +0 dagger of Causality {pierce, rPois rF+++ rC- Stlth+} (You found it on level 6 of the Dungeon)
  7696 | D:9      | Identified the +6 dire flail of the Spheres {pain, +Inv Stlth+} (You found it on level 4 of the Dungeon)
  7906 | D:10     | Entered Level 10 of the Dungeon
  7906 | D:10     | Noticed Maurice
  7925 | D:10     | Killed Maurice
  8201 | D:10     | Reached skill level 5 in Dodging
  8210 | D:10     | Reached *** piety under Okawaru
  8214 | D:10     | Received a gift from Okawaru
  8214 | D:10     | Reached XP level 11. HP: 71/109 MP: 5/10
  8324 | D:10     | Found a staircase to the Lair.
  8430 | D:10     | Received a gift from Okawaru
  8509 | D:10     | Found Dumy's Assorted Antiques.
  8516 | D:10     | Bought a coiled diamond amulet for 140 gold pieces
  8516 | D:10     | Bought a dented fluorescent amulet for 140 gold pieces
  8516 | D:10     | Identified the amulet of Miracles {Reflect Str+4 SH+3} (You bought it in a shop on level 10 of the Dungeon)
  8730 | D:10     | Killed an unseen horror
  8730 | D:10     | Received a gift from Okawaru
  8768 | D:11     | Found a staircase to the Orcish Mines.
  8817 | D:11     | Noticed feelmyfire's ghost (journeyman MiFi)
  8838 | D:11     | Killed feelmyfire's ghost
  8944 | D:11     | Noticed a brown ugly thing
  8953 | D:11     | Killed a brown ugly thing
  8953 | D:11     | Reached skill level 1 in Armour
  9092 | D:11     | Reached **** piety under Okawaru
  9107 | D:11     | Noticed a hill giant
  9116 | D:11     | Killed a hill giant
  9906 | D:12     | Reached ***** piety under Okawaru
  9906 | D:12     | Received a gift from Okawaru
  9966 | D:12     | Reached XP level 12. HP: 109/118 MP: 11/11
 10030 | D:12     | Noticed a seven-headed hydra
 10038 | D:12     | Killed a seven-headed hydra
 10151 | D:12     | Noticed an eight-headed hydra
 10167 | D:12     | Killed an eight-headed hydra
 10167 | D:12     | Received a gift from Okawaru
 10285 | D:12     | Reached skill level 5 in Armour
 10397 | D:12     | Received a gift from Okawaru
 10487 | D:13     | Reached skill level 12 in Unarmed Combat
 10530 | D:13     | Found a shattered altar of Ashenzari.
 10535 | D:13     | Reached skill level 10 in Throwing
 10893 | D:13     | Identified a scroll of acquirement
 10945 | D:13     | Found a gate to the Vaults.
 10945 | D:13     | Noticed a vault guard
 10945 | D:13     | Noticed a vault guard
 10945 | D:13     | Noticed a vault guard
 10954 | D:13     | Killed a vault guard
 11340 | D:13     | Killed a vault guard
 11340 | D:13     | Received a gift from Okawaru
 11348 | D:13     | Killed a vault guard
 11348 | D:13     | Received a gift from Okawaru
 11348 | D:13     | Reached XP level 13. HP: 98/127 MP: 12/12
 11503 | D:14     | Reached skill level 13 in Unarmed Combat
 11540 | D:14     | Found a flagged portal.
 11566 | Bailey   | Entered a bailey
 11794 | Bailey   | Found an iron altar of Okawaru.
 11900 | D:14     | Found Vanireef's Antique Weapon Shoppe.
 12182 | D:14     | Noticed Snorg
 12191 | D:14     | Killed Snorg
 12197 | D:14     | Noticed Urug
 12313 | D:13     | HP: 4/127 [centaur warrior (7)]
 12315 | D:13     | Shot with an arrow by a centaur

Vault maps used:
D:1:      nicolae_arrival_memento_mori
D:2:      gammafunk_temple_overflow_pools, old_standard_altar, first_bread,
          uniq_iyjb, uniq_robin
D:3:      minitemple, ecumenical_altar_1
D:4:      nicolae_ashenzari_panopticon, serial_shops, shop, shop, shop,
          uniq_pikel
D:5:      serial_shops, kennysheep_mini_moat, moated_statue, uniq_prince_ribbit1
D:6:      kennysheep_little_box, lemuel_temple_firewalk_marked,
          guppyfry_early_elven_hall, uniq_duvessa, uniq_blork_the_orc
D:7:      okawaru_trees_2, elyvilon_altar_4, overflow_temple_1_default,
          the_bakery, lightli_minifort
D:8:      wad_lake_hut, lemuel_crystal_altar, basic_altar
D:9:      zin_purify, nicolae_gozag_seed_capital
D:10:     minmay_lair_entry_grove, serial_shops, nicolae_shop_waterfront,
          uniq_maurice
D:11:     david_orc_3, st_stairs_11, minmay_misc_feat_columns
D:12:     roderic_batcave
D:13:     grunt_vaults_entry_tiered, basic_altar, st_stairs_1
D:14:     enter_bailey_3, minivault_27, serial_shops,
          nicolae_shop_competitors_out_of_business, nooodl_orcs_dogs,
          uniq_snorg, uniq_urug
Temple:   temple_island_7
Bailey:   bailey_axe_3, bailey

Skill      XL: |  1  2  3  4  5  6  7  8  9 10 11 12 13 |
---------------+----------------------------------------+-----
Unarmed Combat | 1 2 3 4 6 7 9 11 12 13 | 13.2
Fighting       | 2 3 4 5 7 8 |  8.3
Dodging        | 5 6 |  6.6
Throwing       | 6 9 10 | 10.5
Armour         | 4 7 8 |  8.3
Stealth        | |  0.4

Action                   |  1- 3 |  4- 6 |  7- 9 | 10-12 | 13-15 || total
-------------------------+-------+-------+-------+-------+-------++-------
Melee: Unarmed           |   101 |   147 |   267 |   630 |   106 ||  1251
       Punch             |       |     1 |    10 |    41 |     7 ||    59
Throw: Large rock        |       |     5 |    11 |    18 |       ||    34
       Throwing net      |       |       |     1 |       |       ||     1
       Javelin           |       |       |       |    23 |     1 ||    24
       Tomahawk          |       |       |       |     3 |       ||     3
Invok: Heroism           |       |       |       |    10 |     2 ||    12
Evoke: Phantom mirror    |       |       |       |       |     1 ||     1
  Use: Scroll            |     1 |     8 |    10 |    13 |     3 ||    35
       Potion            |       |     4 |     5 |     3 |     2 ||    14
 Stab: Sleeping          |       |       |     2 |       |       ||     2
       Distracted        |       |       |     1 |       |       ||     1
       Held in net/web   |       |       |     1 |       |       ||     1
  Eat: Chunk             |    13 |    10 |    39 |    46 |    10 ||   118
Armor: Robe              |    31 |    63 |    84 |    65 |       ||   243
       Mottled dragon ar |       |       |       |   145 |    56 ||   201
Dodge: Dodged            |    57 |    99 |   105 |   312 |    96 ||   669
Block: Other             |       |       |       |    39 |    23 ||    62
       Reflection        |       |       |       |     2 |    10 ||    12
